 Dungeon Crawl Stone Soup version 0.31-a0-182-gc5ef74bbde (webtiles) character file.

Game seed: 6755188582307957462

31858 qw the Cleaver (level 13, -12/82 HPs)
             Began as a Gargoyle Fighter on June 20, 2023.
             Was an Elder of Okawaru.
             Mangled by Rupert
             ... wielding a +2 great mace of protection
              (27 damage)
             ... on level 5 of the Lair of Beasts.
             The game lasted 00:08:26 (14399 turns).

qw the Cleaver (Gargoyle Fighter)                  Turns: 14399, Time: 00:08:26

Health: -12/82     AC: 33    Str: 26    XL:     13   Next: 60%
Magic:  20/20      EV: 15    Int:  8    God:    Okawaru [****..]
Gold:   424        SH: 13    Dex: 13    Spells: 12/12 levels left

rFire   . . .        Y - +5 war axe
rCold   . . .        C - +0 kite shield
rNeg    + . .        a - +0 plate armour
rPois   inf          q - +2 helmet of the Great Game {Dex+4}
rElec   +            (no cloak)
rCorr   .            i - +0 pair of gloves
SInv    +            j - +1 pair of boots
Will    .....        (no amulet) Stlth
                     v - +5 ring of evasion
HPRegen 0.33/turn    k - ring of see invisible
MPRegen 0.17/turn

%: no passive effects
@: about to teleport, heroic
A: sickness immunity, AC +9, negative energy resistance 1, electricity
resistance, torment resistance 1, petrification resistance
a: Renounce Religion, Heroism, Finesse


You were on level 5 of the Lair of Beasts.
You worshipped Okawaru.
Okawaru was greatly pleased with you.
You visited 3 branches of the dungeon, and saw 15 of its levels.
You also visited: Sewer.

You collected 790 gold pieces.
You spent 366 gold pieces at shops.


Innate Abilities, Weirdness & Mutations

You are immune to sickness and miasma.
Your stone body is resilient. (AC +9)
You are immune to poison.
You resist negative energy. (rN+)
You are resistant to electric shocks. (rElec)
You are resistant to unholy torment.
You are immune to petrification.


   Skills:
 - Level 10.0(15.0) Fighting
 - Level 13.0(18.0) Axes
 - Level 4.1(9.1) Throwing
 - Level 9.1(14.1) Armour
 + Level 2.3(7.3) Dodging
 - Level 11.0(16.0) Shields
 - Level 10.0 Invocations


You had 12 spell levels left.
You didn't know any spells.
Your spell library was empty.

Inventory:

Hand Weapons
 z - a +0 morningstar
 Y - a +5 war axe (weapon)
Armour
 a - a +0 plate armour (worn)
 i - a +0 pair of gloves (worn)
 j - a +1 pair of boots (worn)
 q - the +2 helmet of the Great Game (worn) {Dex+4}
   (You found it on level 6 of the Dungeon)

   Dex:       It affects your dexterity (+4).
 B - +0 acid dragon scales
 C - a +0 kite shield (worn)
Jewellery
 e - an amulet of guardian spirit
 k - a ring of see invisible (right hand)
 n - a ring of resist corrosion
 u - a ring of protection from cold
 v - a +5 ring of evasion (left hand)
 y - a +6 ring of dexterity
 D - a ring of willpower
Wands
 A - a wand of digging (4)
Scrolls
 h - 4 scrolls of identify
 p - a scroll of teleportation
Potions
 b - 3 potions of resistance
 d - 4 potions of might
 f - 3 potions of attraction
 g - 7 potions of curing
 l - a potion of magic
 m - 3 potions of enlightenment
 r - a potion of haste
 s - 2 potions of cancellation
 t - 2 potions of mutation
 x - a potion of lignification

Dungeon Overview and Level Annotations

Branches:
Dungeon (9/15)             Temple (1/1) D:6            Lair (5/5) D:9
 Shoals (0/4) Lair:2        Snake (0/4) Lair:3        Sewer (visited)
  Slime: Lair:4-5       Orc: D:9-12

Altars:
Ashenzari
Cheibriados
Dithmenos
Elyvilon
Fedhas
Gozag
Hepliaklqana
Kikubaaqudgha
Makhleb
Nemelex Xobeh
Okawaru
Qazlal
Ru
Sif Muna
Uskayaw
Vehumet
Wu Jian
Xom
Yredelemnul
Zin
The Shining One

Shops:
D:3 =   D:6 *   D:7 *   D:8 (   D:9 !

Annotations:
D:4 1 transporter, exclusion: endoplasm, qw's ghost, amateur GrFi
D:6 3 runed translucent doors, qw's ghost, novice NaHu
Lair:5 Rupert


Message History

You slash Rupert!
Rupert is heavily wounded.
You block Rupert's attack.
Rupert hits you with a +2 great mace of protection!
You closely miss Rupert.
Rupert is heavily wounded.
You block Rupert's attack.
You hit Rupert.
Rupert is heavily wounded.
You block Rupert's attack.
You hit Rupert.
Rupert is heavily wounded.
Rupert hits you with a +2 great mace of protection!!
You slash Rupert!
Rupert is heavily wounded.
Rupert hits you but does no damage.
You closely miss Rupert.
Rupert is heavily wounded.
You block Rupert's attack.
You hit Rupert.
Rupert is heavily wounded.
Rupert hits you with a +2 great mace of protection.
You block Rupert's attack.
You slash Rupert!
Rupert is heavily wounded.
You block Rupert's attack.
You slice Rupert!!
Rupert is severely wounded.
You block Rupert's attack.
You hit Rupert but do no damage.
Rupert is severely wounded.
Rupert hits you with a +2 great mace of protection.
You barely miss Rupert.
Rupert is severely wounded.
Rupert hits you with a +2 great mace of protection!!
14399 ||| READING 2 scrolls of teleportation.
As you read the scroll of teleportation, it crumbles to dust.
You feel strangely unstable.
Rupert hits you with a +2 great mace of protection!!
You die...

..... #. .... ##..##. #...
#.#..... #...##..<.P#
#(.<....).## ####......#...#
. #....#..#...####..
(.....@@.....#...#
..........#......
..###...P....#. ##P#....##
## ## #####...##.## ##P###
#...##....#.# ..........#
#..........# .... .....##
###.P.#....#.##
#.####....##.#PP.##........#


You could see Rupert (berserk).

Vanquished Creatures
  A hydra (Lair:3)
  A catoblepas (Lair:1)
  2 two-headed ogres
  A skyshark (Lair:4)
  Pikel (D:9)
  An oklob plant (Lair:1)
  A manticore (Lair:2)
  3 black mambas
  14 elephants
  A gargoyle (D:8)
  A torpor snail (Lair:2)
  6 cane toads
  Maggie (D:7)
  3 komodo dragons
  3 rime drakes
  A troll (D:7)
  A wind drake (Lair:2)
  7 blink frogs
  5 wyverns
  5 basilisks
  54 yaks
  An acid dragon (D:9)
  4 nagas (Lair:3)
  16 water moccasins
  A black bear (D:8)
  An ice beast (D:7)
  4 ogres
  3 sky beasts
  An orc warrior (D:9)
  4 centaurs
  A phantom (D:5)
  9 wolves
  12 kobold brigands
  A lemure (D:9)
  8 bullfrogs
  2 gnoll sergeants
  2 scorpions
  2 howler monkeys
  2 orc priests
  5 hounds
  2 jellies
  3 sleepcaps
  6 iguanas
  18 orc wizards
  11 gnolls
  11 adders
  2 river rats (Sewer)
  A shadow imp (D:6)
  5 worms
  5 dart slugs
  19 orcs
  9 ball pythons
  4 bat zombies (D:4)
  9 endoplasms
  5 giant cockroaches
  7 hobgoblins
  2 jackals (D:4)
  23 kobolds
  5 quokkas
  A bat (D:1)
  7 frilled lizards
  4 goblins
  14 rats
  A rat zombie (D:4)
366 creatures vanquished.

Notes
Turn   | Place    | Note
-------+----------+-------------------------------------------
     0 | D:1      | qw the Gargoyle Fighter began the quest for the Orb.
     0 | D:1      | Reached XP level 1. HP: 14/14 MP: 1/1
     0 | D:1      | 0 ||| qw: Version: 0.3-a-9-g12657ce
     0 | D:1      | 0 ||| qw: Game counter: 1418
     0 | D:1      | 0 ||| qw: Always use a shield: true
     0 | D:1      | 0 ||| qw: God list: Okawaru
     0 | D:1      | 0 ||| qw: Allow faded altars: false
     0 | D:1      | 0 ||| qw: Do Orc after D:15 true
     0 | D:1      | 0 ||| qw: Do second Lair branch before Depths: true
     0 | D:1      | 0 ||| qw: Lair rune preference: random
     0 | D:1      | 0 ||| qw: Plans: Normal, Zot:1-4, Slime:5, God:TSO, Crypt,
                  | Tomb, Abyss, Pan, Hells, Win
     0 | D:1      | 0 ||| PLANNING D:1-11
    37 | D:1      | Reached skill level 2 in Axes
   104 | D:1      | 104 ||| UPGRADING to amulet of guardian spirit.
   156 | D:1      | Reached XP level 2. HP: 19/19 MP: 2/2
   299 | D:1      | 299 ||| Stepping ~*~*~tactically~*~*~ (stealth).
   301 | D:1      | 301 ||| Stepping ~*~*~tactically~*~*~ (stealth).
   324 | D:1      | 324 ||| Stepping ~*~*~tactically~*~*~ (stealth).
   326 | D:1      | 326 ||| Stepping ~*~*~tactically~*~*~ (stealth).
   423 | D:1      | 423 ||| READING scroll labelled WOCREZ AMELILU.
   424 | D:1      | 424 ||| READING scroll labelled QUDOQIUSK ALLUMUU.
   602 | D:1      | Reached skill level 3 in Axes
   611 | D:1      | 611 ||| UPGRADING to +0 plate armour.
   621 | D:1      | 621 ||| DROPPING +0 scale mail.
   785 | D:2      | Reached XP level 3. HP: 23/23 MP: 3/3
   785 | D:2      | 785 ||| Stepping ~*~*~tactically~*~*~ (stealth).
   786 | D:2      | 786 ||| Stepping ~*~*~tactically~*~*~ (stealth).
   798 | D:2      | 798 ||| Stepping ~*~*~tactically~*~*~ (stealth).
   799 | D:2      | 799 ||| Stepping ~*~*~tactically~*~*~ (stealth).
   822 | D:2      | 822 ||| Stepping ~*~*~tactically~*~*~ (stealth).
   990 | D:2      | Found the +7 great mace "Firestarter" {flame, immolate,
                  | rFlCloud rF++}
  1091 | D:2      | Reached XP level 4. HP: 28/28 MP: 4/4
  1126 | D:2      | 1126 ||| DROPPING +0 club.
  1277 | D:2      | 1277 ||| UPGRADING to +0 pair of gloves.
  1282 | D:2      | 1282 ||| UPGRADING to ring of resist corrosion.
  1283 | D:2      | 1283 ||| UPGRADING to ring of see invisible.
  1284 | D:2      | 1284 ||| READING scroll labelled QAMOMI OLOUSEAJ.
  1285 | D:2      | 1285 ||| READING scroll labelled BAOQ IBBANK.
  1286 | D:2      | 1286 ||| READING scroll labelled QEAGRI VASODE.
  1290 | D:2      | 1290 ||| DRINKING 3 puce potions.
  1320 | D:3      | Reached skill level 4 in Axes
  1324 | D:3      | Found Linwyh's Jewellery Shoppe.
  1333 | D:3      | 1333 ||| SHOPLISTING +4 ring of protection (504 gold, have
                  | 95).
  1333 | D:3      | 1333 ||| SHOPLISTING amulet of regeneration (420 gold, have
                  | 95).
  1333 | D:3      | 1333 ||| SHOPLISTING ring of fire (350 gold, have 95).
  1333 | D:3      | 1333 ||| SHOPLISTING ring of positive energy (280 gold,
                  | have 95).
  1333 | D:3      | 1333 ||| SHOPLISTING ring of see invisible (210 gold, have
                  | 95).
  1379 | D:3      | Noticed a centaur
  1391 | D:3      | Killed a centaur
  1392 | D:3      | Reached skill level 5 in Axes
  1392 | D:3      | Reached XP level 5. HP: 12/32 MP: 3/5
  1553 | D:3      | Found a hide-covered altar of Uskayaw.
  1688 | D:3      | 1688 ||| Stepping ~*~*~tactically~*~*~ (hiding).
  1689 | D:3      | 1689 ||| Stepping ~*~*~tactically~*~*~ (hiding).
  1703 | D:3      | 1703 ||| Stepping ~*~*~tactically~*~*~ (stealth).
  1712 | D:3      | 1712 ||| Stepping ~*~*~tactically~*~*~ (hiding).
  1713 | D:3      | 1713 ||| Stepping ~*~*~tactically~*~*~ (hiding).
  1725 | D:3      | 1725 ||| Stepping ~*~*~tactically~*~*~ (stealth).
  1734 | D:3      | 1734 ||| Stepping ~*~*~tactically~*~*~ (stealth).
  1839 | D:3      | Found a sparkling altar of Nemelex Xobeh.
  1947 | D:3      | Found a stormy altar of Qazlal.
  2032 | D:3      | 2032 ||| Stepping ~*~*~tactically~*~*~ (stealth).
  2033 | D:3      | 2033 ||| Stepping ~*~*~tactically~*~*~ (stealth).
  2220 | D:3      | 2220 ||| READING scroll labelled HYSIARCHIERCH.
  2221 | D:3      | 2221 ||| READING scroll labelled ICSAWK GUPRY.
  2222 | D:3      | 2222 ||| DRINKING 2 murky dark potions.
  2223 | D:3      | 2223 ||| READING 2 scrolls of identify.
  2223 | D:3      | 2223 ||| IDENTIFYING sedimented ruby potion
  2288 | D:4      | Reached XP level 6. HP: 38/38 MP: 4/6
  2288 | D:4      | 2288 ||| Stepping ~*~*~tactically~*~*~ (hiding).
  2315 | D:4      | 2315 ||| Stepping ~*~*~tactically~*~*~ (stealth).
  2316 | D:4      | 2316 ||| Stepping ~*~*~tactically~*~*~ (stealth).
  2453 | D:4      | Found Erufador's Fire Supplies.
  2512 | D:4      | 2512 ||| Stepping ~*~*~tactically~*~*~ (stealth).
  2551 | D:4      | 2551 ||| Stepping ~*~*~tactically~*~*~ (stealth).
  2624 | D:4      | Found a transporter.
  2661 | D:4      | 2661 ||| DROPPING amulet of magic regeneration.
  2669 | D:4      | 2669 ||| UPGRADING to ring of protection from cold.
  2671 | D:4      | 2671 ||| READING scroll labelled SUYDWE ZA IBO.
  2678 | D:4      | Noticed qw's ghost (amateur GrFi)
  2763 | D:4      | 2763 ||| Stepping ~*~*~tactically~*~*~ (stealth).
  2764 | D:4      | 2764 ||| Stepping ~*~*~tactically~*~*~ (stealth).
  2910 | D:4      | Found an ancient bone altar of Kikubaaqudgha.
  3044 | D:4      | 3044 ||| UPGRADING to +1 pair of boots.
  3086 | D:5      | Entered Level 5 of the Dungeon
  3087 | D:5      | 3087 ||| PLANNING SEWER
  3087 | D:5      | 3087 ||| Stepping ~*~*~tactically~*~*~ (hiding).
  3088 | D:5      | 3088 ||| Stepping ~*~*~tactically~*~*~ (hiding).
  3097 | D:5      | Reached skill level 6 in Axes
  3118 | D:5      | 3118 ||| Stepping ~*~*~tactically~*~*~ (hiding).
  3250 | D:5      | Reached XP level 7. HP: 41/43 MP: 5/7
  3277 | D:5      | 3277 ||| DROPPING +0 whip.
  3289 | D:5      | 3289 ||| Stepping ~*~*~tactically~*~*~ (stealth).
  3350 | D:5      | 3350 ||| Stepping ~*~*~tactically~*~*~ (stealth).
  3352 | D:5      | 3352 ||| Stepping ~*~*~tactically~*~*~ (stealth).
  3363 | D:5      | 3363 ||| Stepping ~*~*~tactically~*~*~ (stealth).
  3379 | D:5      | Found a glowing drain.
  3394 | Sewer    | Entered a sewer
  3440 | Sewer    | Reached skill level 7 in Axes
  3666 | Sewer    | Reached skill level 1 in Dodging
  3666 | Sewer    | Reached XP level 8. HP: 28/49 MP: 4/8
  3810 | Sewer    | 3810 ||| Stepping ~*~*~tactically~*~*~ (water).
  3855 | Sewer    | 3855 ||| Stepping ~*~*~tactically~*~*~ (water).
  4049 | Sewer    | 4049 ||| Stepping ~*~*~tactically~*~*~ (water).
  4055 | Sewer    | Reached skill level 8 in Axes
  4089 | Sewer    | 4089 ||| Stepping ~*~*~tactically~*~*~ (water).
  4192 | Sewer    | 4192 ||| READING scroll labelled ZAFOUWK GASONE.
  4193 | Sewer    | 4193 ||| READING 2 scrolls of identify.
  4193 | Sewer    | 4193 ||| IDENTIFYING sedimented brown potion
  4215 | D:5      | 4215 ||| PLANNING D:1-11
  4223 | D:5      | 4223 ||| READING scroll of enchant weapon.
  4223 | D:5      | 4223 ||| ENCHANTING +1 war axe.
  4322 | D:5      | 4322 ||| READING scroll of enchant weapon.
  4322 | D:5      | 4322 ||| ENCHANTING +2 war axe.
  4458 | D:5      | Reached skill level 6 in Fighting
  4474 | D:5      | 4474 ||| READING scroll of enchant weapon.
  4474 | D:5      | 4474 ||| ENCHANTING +3 war axe.
  4647 | D:5      | Found a broken altar of Ashenzari.
  4717 | D:5      | Reached XP level 9. HP: 55/55 MP: 9/9
  4821 | D:5      | Found a shimmering blue altar of Sif Muna.
  4821 | D:5      | Found a shimmering altar of Xom.
  4821 | D:5      | Found an ornate altar of the Wu Jian Council.
  5014 | D:5      | 5014 ||| READING scroll labelled VUTOYLE SYCWYGHU.
  5043 | D:5      | 5043 ||| READING 3 scrolls of identify.
  5043 | D:5      | 5043 ||| IDENTIFYING sapphire potion
  5112 | D:6      | Identified the +2 helmet of the Great Game {Dex+4}
  5157 | D:6      | Found Simisiemn's General Store.
  5166 | D:6      | 5166 ||| BUYING potion of might (52 gold).
  5166 | D:6      | Bought a potion of might for 52 gold pieces
  5166 | D:6      | 5166 ||| BUYING scroll of identify (26 gold).
  5166 | D:6      | Bought a scroll of identify for 26 gold pieces
  5166 | D:6      | 5166 ||| BUYING scroll of teleportation (39 gold).
  5166 | D:6      | Bought a scroll of teleportation for 39 gold pieces
  5216 | D:6      | 5216 ||| Stepping ~*~*~tactically~*~*~ (hiding).
  5217 | D:6      | 5217 ||| Stepping ~*~*~tactically~*~*~ (hiding).
  5218 | D:6      | 5218 ||| Stepping ~*~*~tactically~*~*~ (hiding).
  5221 | D:6      | 5221 ||| Stepping ~*~*~tactically~*~*~ (hiding).
  5229 | D:6      | Reached skill level 9 in Axes
  5277 | D:6      | Found a runed translucent gate.
  5277 | D:6      | Found a runed translucent gate.
  5277 | D:6      | Found a runed translucent gate.
  5277 | D:6      | Noticed qw's ghost (novice NaHu)
  5413 | D:6      | 5413 ||| DROPPING +0 flail.
  5463 | D:6      | Found a shadowy altar of Dithmenos.
  5528 | D:6      | Identified the +5 glaive of the King {heavy, rCorr Str+3}
  5602 | D:6      | Found a staircase to the Ecumenical Temple.
  5603 | D:6      | 5603 ||| PLANNING TEMPLE
  5603 | D:6      | 5603 ||| UPGRADING to +2 helmet of the Great Game {Dex+4}.
  5608 | D:6      | 5608 ||| DROPPING ring of flight.
  5609 | D:6      | 5609 ||| READING 4 scrolls of identify.
  5609 | D:6      | 5609 ||| IDENTIFYING coppery potion
  5610 | D:6      | 5610 ||| READING 3 scrolls of identify.
  5610 | D:6      | 5610 ||| IDENTIFYING bubbling brown potion
  5611 | D:6      | 5611 ||| READING 2 scrolls of identify.
  5611 | D:6      | 5611 ||| IDENTIFYING red potion
  5612 | D:6      | 5612 ||| DROPPING potion of berserk rage.
  5613 | D:6      | 5613 ||| DROPPING potion of degeneration.
  5623 | D:6      | 5623 ||| Stepping ~*~*~tactically~*~*~ (stealth).
  5679 | Temple   | Entered the Ecumenical Temple
  5744 | Temple   | 5744 ||| PLANNING D:1-11
  5856 | D:6      | Reached skill level 6 in Armour
  5878 | D:6      | Identified the +2 leather armour of the Barracuda {rElec
                  | rC+ Int-2 Stlth+}
  5956 | D:6      | 5956 ||| STAIRDANCE
  6350 | D:7      | Noticed Maggie
  6368 | D:7      | Killed Maggie
  6371 | D:7      | 6371 ||| Stepping ~*~*~tactically~*~*~ (stealth).
  6485 | D:7      | Found Qesapia's General Store.
  6488 | D:7      | Noticed a troll
  6505 | D:7      | Killed a troll
  6565 | D:7      | 6565 ||| BUYING potion of curing (39 gold).
  6565 | D:7      | Bought a potion of curing for 39 gold pieces
  6821 | D:7      | 6821 ||| UPGRADING to +5 ring of evasion.
  6823 | D:7      | 6823 ||| READING scroll labelled DOMIYT FISO.
  6824 | D:7      | 6824 ||| DRINKING 2 grey potions.
  6825 | D:7      | 6825 ||| READING 2 scrolls of identify.
  6825 | D:7      | 6825 ||| IDENTIFYING green potion
  6876 | D:8      | Found an iron altar of Okawaru.
  6877 | D:8      | 6877 ||| PLANNING OKAWARU WORSHIP
  6891 | D:8      | Became a worshipper of Warmaster Okawaru
  6892 | D:8      | 6892 ||| PLANNING D:1-11
  6892 | D:8      | 6892 ||| REMOVING amulet of guardian spirit.
  6923 | D:8      | Noticed a gargoyle
  6924 | D:8      | 6924 ||| Stepping ~*~*~tactically~*~*~ (stealth).
  6925 | D:8      | 6925 ||| Stepping ~*~*~tactically~*~*~ (stealth).
  6926 | D:8      | 6926 ||| Stepping ~*~*~tactically~*~*~ (stealth).
  6928 | D:8      | 6928 ||| Stepping ~*~*~tactically~*~*~ (hiding).
  6943 | D:8      | Killed a gargoyle
  6944 | D:8      | Reached XP level 10. HP: 24/64 MP: 10/10
  7087 | D:8      | 7087 ||| Stepping ~*~*~tactically~*~*~ (stealth).
  7089 | D:8      | 7089 ||| Stepping ~*~*~tactically~*~*~ (hiding).
  7091 | D:8      | 7091 ||| Stepping ~*~*~tactically~*~*~ (hiding).
  7182 | D:8      | Noticed a two-headed ogre
  7183 | D:8      | Reached skill level 10 in Axes
  7194 | D:8      | Killed a two-headed ogre
  7194 | D:8      | Reached * piety under Okawaru
  7229 | D:8      | 7229 ||| INVOKING Heroism.
  7301 | D:8      | 7301 ||| Stepping ~*~*~tactically~*~*~ (hiding).
  7308 | D:8      | Reached skill level 1 in Invocations
  7659 | D:8      | 7659 ||| Stepping ~*~*~tactically~*~*~ (hiding).
  7701 | D:8      | Reached skill level 3 in Throwing
  7702 | D:8      | Found Ceasor's Antique Weapon Boutique.
  7874 | D:8      | 7874 ||| READING scroll labelled LIUSIB UPIE.
  7883 | D:9      | Found Gurphi's Distillery.
  7890 | D:9      | 7890 ||| SHOPLISTING 2 potions of resistance (300 gold,
                  | have 236).
  7890 | D:9      | 7890 ||| BUYING potion of cancellation (120 gold).
  7890 | D:9      | Bought a potion of cancellation for 120 gold pieces
  7890 | D:9      | 7890 ||| BUYING potion of curing (45 gold).
  7890 | D:9      | Bought a potion of curing for 45 gold pieces
  7890 | D:9      | 7890 ||| BUYING potion of curing (45 gold).
  7890 | D:9      | Bought a potion of curing for 45 gold pieces
  7890 | D:9      | 7890 ||| SHOPLISTING potion of heal wounds (75 gold, have
                  | 26).
  7921 | D:9      | 7921 ||| Stepping ~*~*~tactically~*~*~ (hiding).
  7922 | D:9      | 7922 ||| Stepping ~*~*~tactically~*~*~ (hiding).
  7930 | D:9      | 7930 ||| DRINKING 10 potions of curing.
  7930 | D:9      | 7930 ||| (to cure confusion)
  7963 | D:9      | 7963 ||| Stepping ~*~*~tactically~*~*~ (hiding).
  8016 | D:9      | Noticed Pikel
  8032 | D:9      | Reached skill level 3 in Invocations
  8033 | D:9      | 8033 ||| INVOKING Heroism.
  8036 | D:9      | Killed Pikel
  8154 | D:9      | Found an opulent altar of Gozag.
  8186 | D:9      | 8186 ||| Stepping ~*~*~tactically~*~*~ (stealth).
  8201 | D:9      | Reached ** piety under Okawaru
  8344 | D:9      | 8344 ||| Stepping ~*~*~tactically~*~*~ (stealth).
  8345 | D:9      | 8345 ||| Stepping ~*~*~tactically~*~*~ (stealth).
  8347 | D:9      | 8347 ||| Stepping ~*~*~tactically~*~*~ (hiding).
  8359 | D:9      | 8359 ||| Stepping ~*~*~tactically~*~*~ (hiding).
  8499 | D:9      | 8499 ||| INVOKING Heroism.
  8554 | D:9      | 8554 ||| Stepping ~*~*~tactically~*~*~ (hiding).
  8562 | D:9      | 8562 ||| DRINKING 9 potions of curing.
  8562 | D:9      | 8562 ||| (to cure confusion)
  8626 | D:9      | Found a staircase to the Lair.
  8651 | D:9      | Noticed a two-headed ogre
  8652 | D:9      | 8652 ||| INVOKING Heroism.
  8659 | D:9      | Killed a two-headed ogre
  8660 | D:9      | Reached skill level 11 in Axes
  8660 | D:9      | Reached XP level 11. HP: 68/68 MP: 12/14
  8924 | D:9      | 8924 ||| PLANNING LAIR
  8924 | D:9      | 8924 ||| UPGRADING to +0 kite shield.
  8934 | D:9      | 8934 ||| DROPPING +0 buckler.
  8935 | D:9      | 8935 ||| READING 2 scrolls labelled PESAORPH FIGURPH.
  8936 | D:9      | 8936 ||| DROPPING scroll of fog.
  8943 | Lair:1   | Entered Level 1 of the Lair of Beasts
  9025 | Lair:1   | 9025 ||| INVOKING Heroism.
  9095 | Lair:1   | 9095 ||| INVOKING Heroism.
  9102 | Lair:1   | Reached skill level 6 in Shields
  9151 | Lair:1   | Reached *** piety under Okawaru
  9153 | Lair:1   | 9153 ||| INVOKING Heroism.
  9157 | Lair:1   | Noticed a catoblepas
  9164 | Lair:1   | Reached skill level 9 in Shields
  9171 | Lair:1   | HP: 15/68 [catoblepas/blast of calcifying dust (7)]
  9172 | Lair:1   | 9172 ||| READING 4 scrolls of teleportation.
  9516 | Lair:1   | 9516 ||| Stepping ~*~*~tactically~*~*~ (stealth).
  9518 | Lair:1   | 9518 ||| INVOKING Heroism.
  9526 | Lair:1   | Killed a catoblepas
  9526 | Lair:1   | Reached **** piety under Okawaru
  9552 | Lair:1   | 9552 ||| Stepping ~*~*~tactically~*~*~ (stealth).
  9553 | Lair:1   | 9553 ||| Stepping ~*~*~tactically~*~*~ (stealth).
  9554 | Lair:1   | 9554 ||| Stepping ~*~*~tactically~*~*~ (stealth).
  9555 | Lair:1   | 9555 ||| Stepping ~*~*~tactically~*~*~ (stealth).
  9556 | Lair:1   | 9556 ||| Stepping ~*~*~tactically~*~*~ (stealth).
  9558 | Lair:1   | 9558 ||| INVOKING Heroism.
  9619 | Lair:1   | 9619 ||| INVOKING Heroism.
  9760 | Lair:1   | Noticed an oklob plant
  9761 | Lair:1   | 9761 ||| INVOKING Heroism.
  9773 | Lair:1   | Killed an oklob plant
  9774 | Lair:1   | Reached XP level 12. HP: 63/75 MP: 13/15
  9996 | Lair:1   | Reached skill level 9 in Fighting
 10378 | Lair:1   | 10378 ||| READING 3 scrolls of identify.
 10378 | Lair:1   | 10378 ||| IDENTIFYING lumpy inky potion
 10379 | Lair:1   | 10379 ||| DROPPING potion of ambrosia.
 10463 | Lair:2   | 10463 ||| INVOKING Heroism.
 10627 | Lair:2   | 10627 ||| INVOKING Heroism.
 10653 | Lair:2   | 10653 ||| INVOKING Heroism.
 10654 | Lair:2   | Found a staircase to the Shoals.
 10666 | Lair:2   | HP: 13/76 [rock wall collision (14)]
 10667 | Lair:2   | 10667 ||| READING 3 scrolls of teleportation.
 10776 | Lair:2   | 10776 ||| INVOKING Heroism.
 10974 | Lair:2   | 10974 ||| INVOKING Heroism.
 10994 | Lair:2   | Found a burning altar of Makhleb.
 11006 | Lair:2   | 11006 ||| INVOKING Heroism.
 11151 | Lair:2   | 11151 ||| DROPPING +1 pair of boots.
 11152 | Lair:2   | 11152 ||| READING scroll labelled LAJALOZIRI.
 11178 | Lair:3   | 11178 ||| FLEEEEING.
 11179 | Lair:3   | 11179 ||| FLEEEEING.
 11180 | Lair:3   | 11180 ||| FLEEEEING.
 11181 | Lair:3   | 11181 ||| FLEEEEING.
 11182 | Lair:3   | 11182 ||| FLEEEEING.
 11183 | Lair:3   | 11183 ||| FLEEEEING.
 11184 | Lair:3   | 11184 ||| FLEEEEING.
 11185 | Lair:3   | 11185 ||| FLEEEEING.
 11187 | Lair:3   | 11187 ||| STAIRDANCE
 11194 | Lair:3   | 11194 ||| STAIRDANCE
 11198 | Lair:3   | 11198 ||| STAIRDANCE
 11200 | Lair:2   | 11200 ||| INVOKING Heroism.
 11210 | Lair:2   | Reached skill level 12 in Axes
 11271 | Lair:3   | 11271 ||| Stepping ~*~*~tactically~*~*~ (stealth).
 11272 | Lair:3   | 11272 ||| Stepping ~*~*~tactically~*~*~ (stealth).
 11273 | Lair:3   | 11273 ||| Stepping ~*~*~tactically~*~*~ (stealth).
 11316 | Lair:3   | Reached skill level 9 in Armour
 11366 | Lair:3   | 11366 ||| Stepping ~*~*~tactically~*~*~ (hiding).
 11379 | Lair:3   | 11379 ||| INVOKING Heroism.
 11386 | Lair:3   | Reached skill level 6 in Invocations
 11386 | Lair:3   | Found a staircase to the Snake Pit.
 11398 | Lair:3   | 11398 ||| INVOKING Heroism.
 11503 | Lair:3   | 11503 ||| Stepping ~*~*~tactically~*~*~ (stealth).
 11528 | Lair:3   | 11528 ||| INVOKING Heroism.
 11664 | Lair:3   | Noticed a five-headed hydra
 11665 | Lair:3   | 11665 ||| INVOKING Heroism.
 11668 | Lair:3   | 11668 ||| SWAPPING to +0 morningstar.
 11673 | Lair:3   | Received a gift from Okawaru
 11678 | Lair:3   | Killed a five-headed hydra
 11679 | Lair:3   | 11679 ||| SWAPPING to +4 war axe.
 11687 | Lair:3   | 11687 ||| INVOKING Heroism.
 11723 | Lair:3   | 11723 ||| Stepping ~*~*~tactically~*~*~ (stealth).
 11724 | Lair:3   | 11724 ||| Stepping ~*~*~tactically~*~*~ (stealth).
 11726 | Lair:3   | 11726 ||| INVOKING Heroism.
 12008 | Lair:3   | Reached XP level 13. HP: 68/82 MP: 19/19
 12480 | Lair:3   | 12480 ||| DRINKING 2 purple potions.
 12481 | Lair:3   | 12481 ||| DROPPING potion of invisibility.
 12518 | Lair:4   | 12518 ||| Stepping ~*~*~tactically~*~*~ (stealth).
 12525 | Lair:4   | 12525 ||| FLEEEEING.
 12526 | Lair:4   | 12526 ||| FLEEEEING.
 12593 | Lair:4   | 12593 ||| Stepping ~*~*~tactically~*~*~ (stealth).
 12597 | Lair:4   | 12597 ||| Stepping ~*~*~tactically~*~*~ (stealth).
 12598 | Lair:4   | 12598 ||| Stepping ~*~*~tactically~*~*~ (stealth).
 12599 | Lair:4   | 12599 ||| Stepping ~*~*~tactically~*~*~ (stealth).
 12600 | Lair:4   | 12600 ||| Stepping ~*~*~tactically~*~*~ (stealth).
 12601 | Lair:4   | 12601 ||| Stepping ~*~*~tactically~*~*~ (stealth).
 12603 | Lair:4   | 12603 ||| INVOKING Heroism.
 12619 | Lair:4   | Reached skill level 9 in Invocations
 12832 | Lair:4   | 12832 ||| INVOKING Heroism.
 12958 | Lair:4   | Reached ***** piety under Okawaru
 13143 | Lair:4   | 13143 ||| Stepping ~*~*~tactically~*~*~ (stealth).
 13145 | Lair:4   | 13145 ||| Stepping ~*~*~tactically~*~*~ (stealth).
 13305 | Lair:4   | 13305 ||| Stepping ~*~*~tactically~*~*~ (hiding).
 13306 | Lair:4   | 13306 ||| Stepping ~*~*~tactically~*~*~ (hiding).
 13336 | Lair:4   | 13336 ||| INVOKING Heroism.
 13356 | Lair:4   | Reached skill level 13 in Axes
 13406 | Lair:4   | 13406 ||| INVOKING Heroism.
 13944 | Lair:4   | 13944 ||| DROPPING +6 ring of intelligence.
 13996 | Lair:5   | Entered Level 5 of the Lair of Beasts
 14019 | Lair:5   | 14019 ||| READING scroll of enchant weapon.
 14019 | Lair:5   | 14019 ||| ENCHANTING +4 war axe.
 14039 | Lair:5   | Noticed Rupert
 14040 | Lair:5   | 14040 ||| INVOKING Heroism.
 14041 | Lair:5   | 14041 ||| INVOKING Finesse.
 14050 | Lair:5   | HP: 19/82 [Rupert/+2 great mace of protection (27)]
 14051 | Lair:5   | 14051 ||| READING 3 scrolls of teleportation.
 14052 | Lair:5   | HP: 9/82 [Rupert/+2 great mace of protection (11)]
 14081 | Lair:5   | 14081 ||| FLEEEEING.
 14083 | Lair:5   | 14083 ||| STAIRDANCE
 14378 | Lair:5   | 14378 ||| INVOKING Heroism.
 14381 | Lair:5   | 14381 ||| DRINKING 8 potions of curing.
 14381 | Lair:5   | 14381 ||| (to cure confusion)
 14398 | Lair:5   | HP: 15/82 [Rupert/+2 great mace of protection (23)]
 14399 | Lair:5   | 14399 ||| READING 2 scrolls of teleportation.
 14399 | Lair:5   | Mangled by Rupert

Levels and vault maps discovered:
D:1:      dpeg_arrival_simpleton_c, layout_loops_cross,
          minmay_misc_feat_diagonals, skrybe_limestone_x,
          minmay_misc_feat_pillars
D:2:      layout_loops_cross
D:3:      layout_basic, nicolae_qazlal_eye_of_the_storm,
          nemelex_spade_bored_becter, mainiacjoe_overflow_24_doors,
          serial_shops, shop, lexackson_kobold_supper
D:4:      layout_rooms, lemuel_zombie_altar_kikubaaqudgha,
          gammafunk_ghost_gnarly_gnolls, nicolae_shop_fire_sale
          [nicolae_sub_dead_trees], minmay_distorted
D:5:      layout_loops_ring, mainiacjoe_overflow_paths,
          gammafunk_temple_overflow_claw, portal_sewer_entry_a
D:6:      layout_gridville, mainiacjoe_overflow_brackets,
          minmay_temple_entry_overgrown, ebering_ghost_rock_garden,
          serial_shops, shop, minivault_10
D:7:      layout_rooms, serial_shops, shop, uniq_maggie
D:8:      layout_basic, old_standard_altar, serial_shops, shop, grunt_ogre_cave
D:9:      minmay_flawed_box, layout_loops_ring, nicolae_gozag_seed_capital,
          lair_entry_dummy, serial_shops, shop, uniq_pikel
Temple:   eino_temple_lava
Lair:1:   minmay_lair_oklob_chamber, layout_layer_cave,
          chequers_serial_rivers_room_b, grunt_megastairs_2
Lair:2:   layout_cave_shapes, minmay_shoals_entry_beasts, basic_altar
Lair:3:   layout_misc_corridors, minmay_snake_entry_guardpost_small
Lair:4:   layout_cave_pods, kennysheep_basilisk_garden
Lair:5:   hangedman_lair_caniforms_friends, layout_loops_ring,
          dpeg_slime_entry_enclosed, st_stairs_3, chequers_serial_rivers_room_a,
          small_statue_intersection, uniq_rupert

Skill      XL: |  1  2  3  4  5  6  7  8  9 10 11 12 13 |
---------------+----------------------------------------+-----
Axes           | 2 3 5 6 7 8 9 11 12 13 | 13.0
Fighting       | 4 5 6 7 8 10 | 10.0
Armour         | 4 5 6 7 8 9 |  9.1
Dodging        | 1 2 |  2.3
Shields        | 4 5 10 11 | 11.0
Throwing       | 2 3 4 |  4.1
Invocations    | 4 8 10 | 10.0

Action                     |  1- 3 |  4- 6 |  7- 9 | 10-12 | 13-15 || total
---------------------------+-------+-------+-------+-------+-------++-------
  Melee: War axe           |    80 |   171 |   368 |   501 |   260 ||  1380
         Morningstar       |       |       |       |    10 |       ||    10
  Throw: Javelin           |       |       |       |    82 |    34 ||   116
 Invoke: Heroism           |       |       |       |    24 |     6 ||    30
         Finesse           |       |       |       |       |     1 ||     1
    Use: Scroll            |     2 |     7 |    12 |     6 |     3 ||    30
         Potion            |       |     2 |     1 |     2 |     2 ||     7
 Armour: Scale mail        |    19 |       |       |       |       ||    19
         Plate armour      |    18 |   149 |   200 |   233 |    86 ||   686
  Dodge: Dodged            |    18 |    70 |    94 |   249 |   100 ||   531
  Block: Buckler           |     8 |    31 |    64 |    35 |       ||   138
         Kite shield       |       |       |       |   237 |   154 ||   391

Table legend:
 A = Non-vault XP
 B = Vault XP
 C = Vault XP percentage of total XP
 D = Non-vault monster count
 E = Vault monster count
 F = Vault count percentage of total count
                 A         B        C        D         E       F
            +---------+---------+-------+---------+---------+-------
      Total |   37484 |    8028 |  17.6 |     282 |      83 |  22.7
            +---------+---------+-------+---------+---------+-------
        D:1 |      31 |       0 |   0.0 |      18 |       0 |   0.0
        D:2 |      52 |       0 |   0.0 |      15 |       0 |   0.0
        D:3 |     174 |      11 |   5.9 |      13 |       8 |  38.1
        D:4 |     160 |      54 |  25.2 |      18 |       8 |  30.8
        D:5 |    1102 |       8 |   0.7 |      31 |       6 |  16.2
        D:6 |     665 |       0 |   0.0 |      15 |       0 |   0.0
        D:7 |     836 |     415 |  33.2 |      10 |       1 |   9.1
        D:8 |    2115 |     118 |   5.3 |      23 |       1 |   4.2
        D:9 |    2960 |    1029 |  25.8 |      24 |      11 |  31.4
     Lair:1 |    4812 |    3163 |  39.7 |      16 |      10 |  38.5
     Lair:2 |    3142 |     831 |  20.9 |      14 |       2 |  12.5
     Lair:3 |    9285 |     647 |   6.5 |      37 |       4 |   9.8
     Lair:4 |   11126 |     783 |   6.6 |      45 |       4 |   8.2
     Lair:5 |    1024 |       0 |   0.0 |       3 |       0 |   0.0
      Sewer |       0 |     969 | 100.0 |       0 |      28 | 100.0
            +---------+---------+-------+---------+---------+-------
